 Dungeon Crawl Stone Soup version 0.17.2 (webtiles) character file.

47 ololoev the Covered (level 3, -3/29 HPs)
             Began as a Demonspawn Fighter on June 9, 2016.
             Killed from afar by a white imp (10 damage)
             ... with a puff of frost
             ... summoned by Natasha
             ... on level 4 of the Dungeon.
             The game lasted 00:01:47 (268 turns).

ololoev the Covered (Demonspawn Fighter)             Turns: 268, Time: 00:01:47

Health: -3/29      AC:  6    Str: 17    XL:     3   Next: 48%
Magic:  3/3        EV:  6    Int:  9    God:
Gold:   14         SH:  8    Dex: 12    Spells: 0 memorised, 2 levels left

rFire  . . .     SeeInvis .     a - +0 war axe
rCold  . . .     Clarity  .     b - +0 scale mail
rNeg   + . .     SustAt   .     c - +0 shield
rPois  .         Gourm    .     (helmet restricted)
rElec  .         Spirit   .     (no cloak)
rCorr  .         Warding  .     (no gloves)
rMut   .         Stasis   .     (no boots)
MR     .....                    (no amulet)
Stlth  ..........               (no ring)
                                i - ring of positive energy

@: drained, not resistant to hostile enchantments, extremely unstealthy
A: horns 1, powered by death 1
a: no special abilities


Innate Abilities, Weirdness & Mutations

You have a pair of small horns on your head.
You regenerate a little health from kills.

Inventory:

Hand Weapons
 a - a +0 war axe (weapon)
Armour
 b - a +0 scale mail (worn)
 c - a +0 shield (worn)
Jewellery
 i - a ring of positive energy (left hand)
Scrolls
 f - a scroll of identify {unknown}
 j - a scroll of amnesia {unknown}
 l - a scroll of random uselessness {unknown}
 m - a scroll of magic mapping {unknown}
Potions
 d - 2 potions of might
 g - a potion of agility {unknown}
 h - a potion of heal wounds {unknown}
 k - a potion of curing {unknown}
Comestibles
 e - a bread ration


   Skills:
 - Level 3.0(2.9) Fighting
 * Level 3.0(2.9) Axes
 + Level 3.3(3.2) Armour
 - Level 2.6 Shields


You had 2 spell levels left.
You didn't know any spells.


You were on level 4 of the Dungeon.
You were not hungry.

You visited 1 branch of the dungeon, and saw 5 of its levels.

You collected 14 gold pieces.

.... ..........
...###......... #..
.........#
###..##....a...
#.......h..#.#.#
#...#5##........
#.....##...#.#.#
#...#.##h.......
#####...@.l......#.#
#.......#.##.5.....#
#.#.......#..#...#.###
.......<..##.#...#...
.................#####.#
........................
................######.#
#.........#............
#########.##...######..

Notes
Turn   | Place    | Note
--------------------------------------------------------------
     0 | D:1      | ololoev the Demonspawn Fighter began the quest for the Orb.
     0 | D:1      | Reached XP level 1. HP: 18/18 MP: 1/1
    69 | D:1      | Gained mutation: You regenerate a little health from kills. [demonic ancestry]
    69 | D:1      | Reached XP level 2. HP: 18/24 MP: 2/2
   188 | D:2      | Noticed Jessica
   191 | D:2      | Killed Jessica
   191 | D:2      | Gained mutation: You have a pair of small horns on your head. [demonic ancestry]
   191 | D:2      | Reached XP level 3. HP: 4/29 MP: 3/3
   232 | D:5      | Entered Level 5 of the Dungeon
   261 | D:4      | Noticed Natasha
   268 | D:4      | Killed from afar by a white imp

Dungeon Overview and Level Annotations

Branches:
Dungeon (5/15)
 Temple: D:4-7

Altars:

Annotations:
D:4 Natasha


Message History

Found a spear.
Found a stone staircase leading down.
There is a stone staircase leading up here.
You climb upwards.
There is a stone staircase leading down here.
An iguana comes into view.
The iguana hisses angrily.
A giant gecko skeleton comes into view.
You barely miss the giant gecko skeleton.
You headbutt the giant gecko skeleton.
You block the giant gecko skeleton's attack.
Your scale mail prevents you from hitting the giant gecko skeleton.
The giant gecko skeleton closely misses you.
The giant gecko skeleton bites you.
You slash the giant gecko skeleton!
You destroy the giant gecko skeleton!
You hit the iguana.
The iguana is heavily wounded.
The iguana bites you! The iguana bites you.
You barely miss the iguana.
The iguana is heavily wounded.
You block the iguana's attack.
You hit the iguana but do no damage.
The iguana is heavily wounded.
The iguana bites you!
You closely miss the iguana.
The iguana is heavily wounded.
The iguana bites you. x2
You feel less regenerative.
Natasha, Servant of Life and Death comes into view.
Natasha hisses angrily.
Natasha mumbles some strange words.
A worker ant comes into view.
The worker ant twitches its antennae in your direction.
The white imp gestures at you. The puff of frost misses you.
Natasha casts a spell.
The crimson imp blinks!
Natasha casts a spell.
The white imp gestures at you. The puff of frost hits you!
You die...

You could see an iguana, Natasha, a crimson imp and a white imp.

Vanquished Creatures
  Jessica (D:2)
  A giant gecko (D:1)
  An orc (D:3)
  A ball python (D:1)
  2 bats
  3 hobgoblins
  A giant gecko skeleton (D:4)
  A goblin (D:3)
  3 jackals (D:1)
  2 kobolds (D:1)
  A quokka (D:3)
  2 rats
19 creatures vanquished.

Action                   || total
-------------------------++-------
Melee: War axe           ||    40

Vault maps used:
D:1:      co_arrival_hall_of_pillars
D:2:      first_bread, grunt_ministairs_4, fedhas_altar_4,
          uniq_crazy_yiuf_cottage, uniq_jessica
D:3:      minitemple, st_stairs_8
D:4:      zin_academy, nicolae_overflow_hidden_temple, serial_shops,
          kennysheep_mini_moat, shop_fountains, shop,
          nicolae_shop_temple_entry_statues_fountains, shop, uniq_natasha
D:5:      serial_shops, shop, uniq_duvessa, uniq_edmund
